 Dungeon Crawl Stone Soup version 0.26-a0-18-g135ff06667 (webtiles) character file.

Game seed: 3010374190429437751, levelgen mode: deterministic

36 Forecaster the Magician (level 3, 0/28 HPs)
             Began as a Naga Wizard on May 25, 2020.
             Was an Initiate of Ashenzari.
             Slain by a goblin
             ... wielding a +0 club
              (2 damage)
             ... on level 2 of the Dungeon.
             The game lasted 00:08:16 (2430 turns).

Forecaster the Magician (Naga Wizard)               Turns: 2430, Time: 00:08:17

Health: 0/28       AC:  3    Str: 10    XL:     3   Next: 37%
Magic:  0/8        EV:  9    Int: 18    God:    Ashenzari [......]
Gold:   54         SH:  0    Dex:  9    Spells: 4/9 levels left

rFire    . . .     SeeInvis +   f - +0 dagger
rCold    . . .     Gourm    .   (no shield)
rNeg     + . .     Faith    .   q - +0 leather armour
rPois    +         Spirit   .   b - +0 hat
rElec    .         Reflect  .   j - +0 cloak
rCorr    .         Harm     .   (no gloves)
MR       .....                  (no barding)
Stlth    ++........             (no amulet)
HPRegen  0.09/turn              h - ring of positive energy
MPRegen  0.11/turn              (no ring)

@: very slow
A: large, see invisible, deformed body, poison resistance, slowness 2, slow
metabolism 1, spit poison 1, AC +1
a: Spit Poison, Curse Item, Renounce Religion


You were on level 2 of the Dungeon.
You worshipped Ashenzari.
Ashenzari was noncommittal.
You were hungry.

You visited 1 branch of the dungeon, and saw 2 of its levels.

You collected 54 gold pieces.

Inventory:

Hand Weapons
 f - a +0 dagger (weapon)
 g - a +0 club
Missiles
 i - 107 stones (quivered)
Armour
 a - a +0 robe
 b - a +0 hat (worn)
 j - a +0 cloak (worn)
 n - a +0 robe
 o - a +0 leather armour
 q - a +0 leather armour (worn)
Jewellery
 h - a ring of positive energy (left hand)
Scrolls
 c - 3 scrolls of identify
 k - a scroll of magic mapping {unknown}
Potions
 e - a potion of curing
 l - a potion of resistance {unknown}
 m - a potion of berserk rage {unknown}
 p - a potion of degeneration {unknown}
Comestibles
 d - 3 rations


   Skills:
 + Level 0.2 Fighting
 + Level 0.1 Armour
 + Level 1.7 Dodging
 + Level 3.4 Stealth
 + Level 3.5 Spellcasting
 + Level 1.2 Conjurations
 + Level 1.6 Summonings
 + Level 1.0 Translocations


You had 4 spell levels left.
You knew the following spells:

 Your Spells              Type           Power        Failure   Level  Hunger
a - Magic Dart            Conj           #...         13%         1    None
b - Call Imp              Summ           #.......     16%         2    ##.....
c - Blink                 Tloc           N/A          22%         2    ##.....

Your spell library contained the following spells:

 Spells                   Type           Power        Failure   Level  Hunger
 Slow                     Hex            #.......     32%         2    ##.....
 Conjure Flame            Conj/Fire      #.......     45%         3    ###....
 Mephitic Cloud           Conj/Pois/Air  #.......     47%         3    ###....


Dungeon Overview and Level Annotations

Branches:
Dungeon (2/15)

Altars:
Ashenzari
Nemelex Xobeh


Innate Abilities, Weirdness & Mutations

You cannot wear boots.
Your serpentine skin is tough. (AC +1)
You have supernaturally acute eyesight. (SInv)
Armour fits poorly on your strangely shaped body.
Your system is resistant to poisons. (rPois)
You cover ground very slowly.
You have a slow metabolism.
You can spit poison.


Message History

The jackal bites you. The goblin closely misses you.
The jackal bites you but does no damage.
You closely miss the goblin.
The goblin is severely wounded.
The goblin hits you. The jackal closely misses you.
You closely miss the goblin.
The goblin is heavily wounded.
The jackal bites you.
You hit the goblin.
The goblin is severely wounded.
The jackal completely misses you. The goblin hits you.
The jackal bites you but does no damage.
The goblin hits you with a +0 club.
* * * LOW HITPOINT WARNING * * *
You hit the goblin but do no damage.
The goblin is severely wounded.
The goblin hits you.
* * * LOW HITPOINT WARNING * * *
The jackal barely misses you. The goblin hits you with a +0 club.
You die...

##....# .%
#[.#..#..(
##†#..g#.. #
##....##.####.#
##.†...#.#.....#
#....##.##..####
#....#.#...##
#..##.##g.##
#5.#)#.g@##
#..###.h##
#......## ######


You could see a jackal and 2 goblins.

Vanquished Creatures
  An ooze (D:2)
  A dart slug (D:1)
  A leopard gecko (D:1)
  2 goblins
  2 hobgoblins (D:1)
  3 bats
  2 frilled lizards (D:1)
  A kobold (D:2)
  2 rats (D:2)
15 creatures vanquished.

Vanquished Creatures (collateral kills)
  An ooze (D:2)
  A dart slug (D:2)
  2 leopard geckos (D:2)
  3 goblins
  2 hobgoblins (D:1)
  A jackal (D:2)
  2 bats (D:2)
  A kobold (D:2)
  2 rats (D:2)
15 creatures vanquished.

Grand Total: 30 creatures vanquished

Notes
Turn   | Place    | Note
-------+----------+-------------------------------------------
     0 | D:1      | Forecaster the Naga Wizard began the quest for the Orb.
     0 | D:1      | Reached XP level 1. HP: 15/15 MP: 4/4
   545 | D:1      | Reached XP level 2. HP: 22/22 MP: 3/6
   549 | D:1      | Learned a level 2 spell: Call Imp
   552 | D:1      | Learned a level 2 spell: Blink
  1822 | D:2      | Found a shattered altar of Ashenzari.
  1827 | D:2      | Found a sparkling altar of Nemelex Xobeh.
  1834 | D:2      | Became a worshipper of Ashenzari the Shackled
  2119 | D:2      | Reached XP level 3. HP: 22/28 MP: 0/8
  2430 | D:2      | Slain by a goblin

Illustrated notes

Levels and vault maps discovered:
D:1:      dpeg_arrival_rooms_b, layout_basic, serial_corexii_hall,
          chequers_hall_statues_y, corexii_hall_statues_t
D:2:      layout_basic, chequers_temple_overflow_statue_of_worship,
          grunt_ministairs_10, minmay_vboxes

Action                   || total
-------------------------++-------
Melee: Club              ||     3
       Dagger            ||    60
 Cast: Magic Dart        ||    35
       Call Imp          ||    16
       Blink             ||     3
  Use: Scroll            ||     3
       Potion            ||     2
  Eat: Chunk             ||     3
Armor: Leather armour    ||    23
Dodge: Dodged            ||    46

Table legend:
 A = Non-vault XP
 B = Vault XP
 C = Vault XP percentage of total XP
 D = Non-vault monster count
 E = Vault monster count
 F = Vault count percentage of total count
                 A         B        C        D         E       F
            +---------+---------+-------+---------+---------+-------
      Total |      44 |       8 |  15.4 |      23 |       7 |  23.3
            +---------+---------+-------+---------+---------+-------
        D:1 |      21 |       0 |   0.0 |      11 |       0 |   0.0
        D:2 |      23 |       8 |  25.8 |      12 |       7 |  36.8
            +---------+---------+-------+---------+---------+-------
